 Dungeon Crawl Stone Soup version 0.27-a0-1084-g78b3836a5f (webtiles) character file.

Game seed: 7187724846298638294

24 voltaire321 the Magician (level 2, -11/16 HPs)
             Began as a Deep Elf Hedge Wizard on Apr 26, 2021.
             Mangled by an iguana (14 damage)
             ... on level 2 of the Dungeon on Apr 27, 2021.
             The game lasted 00:05:03 (1333 turns).

voltaire321 the Magician (Deep Elf Hedge Wizard)    Turns: 1333, Time: 00:05:04

Health: -11/16     AC:  2    Str:  7    XL:     2   Next: 79%
Magic:  2/9        EV: 12    Int: 18    God:
Gold:   10         SH:  0    Dex: 14    Spells: 5/10 levels left

rFire    . . .     SeeInvis .   a - +0 dagger
rCold    . . .     Faith    .   (no shield)
rNeg     . . .     Spirit   .   b - +0 robe
rPois    .         Reflect  .   c - +0 hat
rElec    .         Harm     .   (no cloak)
rCorr    .         Rampage  .   (no gloves)
Will     .....                  (no boots)
Stlth    ++........             (no amulet)
HPRegen  0.05/turn              (no ring)
MPRegen  0.11/turn              (no ring)

@: no status effects
A: no striking features
a: no special abilities


You were on level 2 of the Dungeon.
You visited 1 branch of the dungeon, and saw 2 of its levels.

You collected 10 gold pieces.

Inventory:

Hand Weapons
 a - a +0 dagger (weapon)
Missiles
 d - 4 atropa-tipped darts
Armour
 b - a +0 robe (worn)
 c - a +0 hat (worn)
Scrolls
 e - a scroll of identify {unknown}
 g - a scroll of holy word {unknown}
Potions
 f - a potion of berserk rage {unknown}


   Skills:
 + Level 0.5 Fighting
 + Level 2.8 Dodging
 - Level 2.4 Stealth
 + Level 4.6 Spellcasting
 + Level 1.5 Conjurations
 + Level 1.4 Summonings
 + Level 1.6 Translocations


You had 5 spell levels left.
You knew the following spells:

 Your Spells              Type           Power      Damage    Failure   Level
a - Magic Dart            Conj           36%        1d4       8%          1
b - Call Imp              Summ           9%         N/A       12%         2
c - Blink                 Tloc           N/A        N/A       11%         2

Your spell library contained the following spells:

 Spells                   Type           Power      Damage    Failure   Level
 Slow                     Hex            4%         N/A       22%         2
 Conjure Flame            Conj/Fire      6%         6-21      30%         3
 Mephitic Cloud           Conj/Pois/Air  6%         N/A       32%         3


Dungeon Overview and Level Annotations

Branches:
Dungeon (2/15)

Altars:


Message History

Aim: an iguana (ally target, 100% to hit)
The magic dart hits the iguana.
The iguana is lightly wounded.
Casting: Magic Dart (safe; 8% risk of failure)
Confirm with . or Enter, or press ? or * to list all spells.
Aiming: Magic Dart (safe; 8% risk of failure)
Press: ? - help, Shift-Dir - straight line, f/p - iguana
Aim: an iguana (lightly wounded, ally target, 100% to hit)
The magic dart hits the iguana.
The iguana is lightly wounded.
Your white imp hits the iguana but does no damage.
Your white imp hits the iguana but does no damage.
Casting: Magic Dart (safe; 8% risk of failure)
Confirm with . or Enter, or press ? or * to list all spells.
Aiming: Magic Dart (safe; 8% risk of failure)
Press: ? - help, Shift-Dir - straight line, f/p - iguana
Aim: an iguana (lightly wounded, ally target, 100% to hit)
The magic dart hits the iguana.
The iguana is moderately wounded.
Your white imp hits the iguana but does no damage.
You hit the iguana but do no damage.
The iguana is moderately wounded.
The iguana completely misses you.
Your crimson imp closely misses the iguana.
Your white imp gestures at the iguana.
The puff of frost misses the iguana.
You barely miss the iguana.
The iguana is moderately wounded.
The iguana bites you!
Ouch! That really hurt!
* * * LOW HITPOINT WARNING * * *
Your crimson imp hits the iguana.
Your white imp gestures at the iguana.
The puff of frost hits the iguana!
You closely miss the iguana.
The iguana is almost dead.
The iguana hisses menacingly.
The iguana bites you!
Ouch! That really hurt!
You die...

..
...#######
.......
#...# #<#
#.#
#.#######
#@l5.....
##.5.....
.......
†......
.......
#######


You could see an iguana (ally target), a friendly crimson imp (summoned) and a
friendly white imp (summoned).

Vanquished Creatures
  A dart slug (D:1)
  An endoplasm (D:1)
  2 giant cockroaches (D:1)
  3 goblins (D:1)
  3 hobgoblins (D:1)
  A jackal (D:1)
  A quokka (D:1)
  A ball python (D:1)
  2 frilled lizards
  2 kobolds (D:1)
17 creatures vanquished.

Vanquished Creatures (collateral kills)
  A goblin (D:1)
  2 jackals (D:1)
  A ball python (D:1)
4 creatures vanquished.

Vanquished Creatures (others)
  13 plants (D:1)
13 creatures vanquished.

Grand Total: 34 creatures vanquished

Notes
Turn   | Place    | Note
-------+----------+-------------------------------------------
     0 | D:1      | voltaire321 the Deep Elf Hedge Wizard began the quest for
                  | the Orb.
     0 | D:1      | Reached XP level 1. HP: 10/10 MP: 7/7
   440 | D:1      | Reached XP level 2. HP: 15/15 MP: 6/9
   454 | D:1      | Learned a level 2 spell: Call Imp
   457 | D:1      | Learned a level 2 spell: Blink
   979 | D:1      | Found a faded altar of an unknown god.
  1333 | D:2      | Mangled by an iguana

Illustrated notes

Levels and vault maps discovered:
D:1:      roderic_crop_circles_arrival_small, layout_rooms,
          hellmonk_ecumenical_altar_pennies_from_heaven
D:2:      layout_rooms, lemuel_flame_loot_1

Action                   || total
-------------------------++-------
Melee: Dagger            ||    29
 Cast: Magic Dart        ||    38
       Call Imp          ||     9
 Stab: Sleeping          ||     1
Armor: Robe              ||     5
Dodge: Dodged            ||    24

Table legend: (Time is in decaauts)
 A = Elapsed time spent in this place.
 B = Non-inter-level travel time spent in this place.
 C = Inter-level travel time spent in this place.
 D = Time resting spent in this place.
 E = Time spent auto-exploring this place.
 F = Levels seen in this place.
 G = Mean time per level.
                   A        B        C        D        E       F      G
               +--------+--------+--------+--------+--------+-----+--------+
         Total |   1332 |   1332 |      0 |    836 |    269 |   2 |  666.0 |
       Dungeon |   1332 |   1332 |      0 |    836 |    269 |   2 |  666.0 |
               +--------+--------+--------+--------+--------+-----+--------+

Top non-repeatable levels by time:
     D:1: 1320 daAuts
     D:2: 12 daAuts
